 Dungeon Crawl Stone Soup version 0.29-a0-841-g116ddc6ace (webtiles) character file.

Game seed: 11134505347597808378

18295 bikbwa the Warrior (level 12, -9/123 HPs)
             Began as a Minotaur Berserker on July 11, 2022.
             Was an Elder of Trog.
             Mangled by a salamander
             ... wielding a +0 spear
              (11 damage)
             ... on level 1 of the Snake Pit on July 14, 2022.
             The game lasted 04:54:59 (11962 turns).

bikbwa the Warrior (Minotaur Berserker)            Turns: 11962, Time: 04:55:00

Health: -9/123     AC: 17    Str: 36    XL:     12   Next: 26%
Magic:  11/11      EV: 12    Int:  4    God:    Trog [****..]
Gold:   724        SH:  0    Dex: 16    Spells: 11/11 levels left

rFire   . . .      SeeInvis .   z - +4 war axe
rCold   . . .      Faith    .   a - orb {light}
rNeg    . . .      Spirit   .   y - +5 ring mail "Soolaom" {rPois Will+ Str+3}
rPois   +          Reflect  .   (helmet restricted)
rElec   .          Harm     .   m - +2 cloak
rCorr   .          Rampage  .   g - +0 pair of gloves
Will    +....      Clarity  +   (no boots)
Stlth   +.........              (no amulet)
HPRegen 0.30/turn               D - +6 ring of strength
MPRegen 0.12/turn               t - +6 ring of dexterity

@: on berserk cooldown, slowed, glowing, very slow
A: horns 2, retaliatory headbutt, clarity
a: Renounce Religion, Berserk, Trog's Hand, Brothers in Arms


You were on level 1 of the Snake Pit.
You worshipped Trog.
Trog was greatly pleased with you.
You visited 4 branches of the dungeon, and saw 14 of its levels.
You also visited: Sewer.

You collected 724 gold pieces.

Inventory:

Hand Weapons
 j - a +2 sling of freezing
 o - a +0 antimagic halberd
 w - a +0 flail of holy wrath
 z - a +4 war axe (weapon)
 F - a +0 demon whip of venom
Missiles
 d - 106 stones (quivered)
 h - 2 boomerangs
 r - 39 poisoned darts
 A - 4 curare-tipped darts
Armour
 a - an orb of light (worn)
 g - a +0 pair of gloves (worn)
 m - a +2 cloak (worn)
 v - the +2 ring mail "Wepunugu" {MP+9 Slay+4}
   (You found it on level 5 of the Dungeon)

   Slay:      It affects your accuracy & damage with ranged weapons and melee
   (+4).
   MP:        It affects your magic capacity (+9).
 y - the +5 ring mail "Soolaom" (worn) {rPois Will+ Str+3}
   (You found it on level 1 of the Lair of Beasts)

   Str:       It affects your strength (+3).
   rPois:     It protects you from poison.
   Will:      It increases your willpower.
Jewellery
 b - a ring of fire
 f - a ring of see invisible
 t - a +6 ring of dexterity (right hand)
 C - the ring "Zemajaps" {Fly rC+ Int+4 Dex-4 Stlth+}
   (You found it on level 3 of the Lair of Beasts)

   [ring of protection from cold]

   Int:       It affects your intelligence (+4).
   Dex:       It affects your dexterity (-4).
   rC:        It protects you from cold.
   Fly:       It grants you flight.
   Stlth:     It makes you more stealthy.
 D - a +6 ring of strength (left hand)
Wands
 n - a wand of flame (5)
 p - a wand of charming (19)
 G - a wand of roots (5)
Scrolls
 c - 5 scrolls of magic mapping
 e - a scroll of fog
 i - 11 scrolls of teleportation
 k - 2 scrolls of fear
 l - a scroll of immolation
 q - 5 scrolls of identify
Potions
 s - 2 potions of flight
 x - 2 potions of attraction
 B - 4 potions of might
 E - a potion of invisibility


   Skills:
 + Level 16.3 Fighting
 * Level 15.1 Axes
 + Level 9.5 Ranged Weapons
 + Level 10.9 Armour
 - Level 2.6 Dodging


You had 11 spell levels left.
You didn't know any spells.
Your spell library contained the following spells:

 Spells                   Type           Power      Damage    Failure   Level
 Conjure Flame            Conj/Fire      0%         6-21      91%         3
 Dazzling Flash           Conj/Hex       0%         N/A       91%         3
 Frozen Ramparts          Ice            0%         1d2       91%         3
 Ignite Poison            Fire/Tmut/Pois 0%         N/A       91%         3
 Ice Form                 Ice/Tmut       0%         N/A       100%        4
 Iskenderun's Mystic Bla  Conj/Tloc      0%         2d3       100%        4
 Sticky Flame             Conj/Fire      0%         2d3       100%        4
 Summon Ice Beast         Ice/Summ       0%         N/A       100%        4
 Starburst                Conj/Fire      0%         6d3       100%        6


Dungeon Overview and Level Annotations

Branches:
Dungeon (8/15)             Temple (1/1) D:4            Lair (4/6) D:8
  Snake (1/4) Lair:3        Sewer (visited)
  Swamp: Lair:2-4    Shoals: Lair:2-4

Altars:
Ashenzari
Cheibriados
Dithmenos
Elyvilon
Fedhas
Gozag
Hepliaklqana
Kikubaaqudgha
Makhleb
Nemelex Xobeh
Okawaru
Ru
Sif Muna
Trog
Uskayaw
Vehumet
Wu Jian
Xom
Yredelemnul
Zin
The Shining One

Shops:
D:3 =   D:5 (   Snake:1 =


Innate Abilities, Weirdness & Mutations

You have a pair of horns on your head.
You reflexively headbutt those who attack you in melee.
You possess an exceptional clarity of mind.


Message History

The naga mage gestures at the naga while chanting.
The naga seems to grow toxic.
The salamander misses you.
The salamander no longer looks unusually strong.
The naga spits poison at you.
The splash of poison hits you but does no damage.
The naga mage points at something and mumbles some strange words.
The naga spits poison at you. The splash of poison hits you.
* * * LOW HITPOINT WARNING * * *
The salamander barely misses you. The naga mage spits poison at you.
The splash of poison hits you.
You are poisoned.
You resist.
* * * LOW HITPOINT WARNING * * *
You feel sick.
The salamander hits you but does no damage.
You feel sick.
You feel sick.
The salamander hits you but does no damage.
You feel sick.
You are no longer poisoned.
The naga mage is no longer moving quickly.
The naga mage gestures wildly while chanting.
The naga mage seems to speed up.
The naga sharpshooter gestures wildly while chanting.
The naga sharpshooter magically shoots an arrow.
The arrow hits you but does no damage.
The salamander hits you but does no damage.
The naga mage gestures at you while chanting.
The bolt of poison misses you. The naga mage spits poison at you.
The splash of poison misses you. The naga mage spits poison at you.
The splash of poison hits you but does no damage.
You resist. The salamander barely misses you.
The salamander hits you from afar with a +0 spear.
* * * LOW HITPOINT WARNING * * *
You are engulfed in flames!
You die...

##### #...# ##### #'#N# #####
#>..# #N#.# #...# #...#####
#N#.## ##### #...# ##...#...#
#∩#..###...# #...###.........
#N≈....N...# ##..###..####....
#N≈.###....####........## #....
#>###......NN.@...##....# #....
#.#........####.#.##....#####.#
###.#........#
#..#.###...#.....#
..#)#...#######..##.#
##....####. N...#### ...# #.#
#.[..####. ##### #### #.#
########... ###.###...###..##
#...##..⌠..##.# #
#...#.......## #


You could see a naga sharpshooter, a salamander and a naga mage (fast).

Vanquished Creatures
  A hydra (Lair:1)
  An anaconda (Snake:1)
  A catoblepas (Lair:3)
  A naga warrior (Snake:1)
  A shock serpent (Snake:1)
  Amaemon (Lair:3)
  A guardian serpent (Lair:3)
  2 black mambas
  8 cane toads
  3 komodo dragons
  2 rime drakes
  9 blink frogs
  A polar bear (Lair:3)
  A wyvern (D:8)
  16 yaks
  Grum (D:8)
  A naga (Snake:1)
  9 water moccasins
  2 black bears
  A centaur (D:5)
  2 ogres
  8 wolves
  2 phantoms (D:5)
  Blork the orc (D:6)
  5 kobold brigands (Sewer)
  A gnoll sergeant (D:7)
  3 scorpions
  8 bullfrogs
  17 wights
  3 killer bees (D:7)
  An electric eel (Lair:3)
  5 hounds
  4 orc priests
  5 jellies
  3 iguanas (D:5)
  An iron imp (D:6)
  An orc wizard (D:8)
  13 adders
  13 gnolls
  3 river rats
  A shadow imp (D:8)
  2 white imps
  9 worms
  5 dart slugs
  14 orcs
  11 endoplasms
  5 giant cockroaches
  5 goblins
  5 hobgoblins
  12 jackals
  2 quokkas (D:1)
  16 ball pythons
  8 bats
  3 frilled lizards
  2 goblin skeletons (D:6)
  5 hobgoblin zombies (D:6)
  6 kobolds
  A kobold zombie (D:6)
  14 rats
  6 bushes (D:8)
294 creatures vanquished.

Vanquished Creatures (collateral kills)
  A deep elf zephyrmancer (D:6)
1 creature vanquished.

Vanquished Creatures (others)
  A black mamba (Lair:1)
  An orange demon (Lair:3)
  9 fungi
  24 plants
35 creatures vanquished.

Grand Total: 330 creatures vanquished

Notes
Turn   | Place    | Note
-------+----------+-------------------------------------------
     0 | D:1      | bikbwa the Minotaur Berserker began the quest for the Orb.
     0 | D:1      | Reached XP level 1. HP: 19/19 MP: 0/0
   280 | D:1      | Reached XP level 2. HP: 24/27 MP: 1/1
   311 | D:1      | Reached skill level 4 in Fighting
   520 | D:1      | Reached XP level 3. HP: 31/33 MP: 2/2
   702 | D:1      | Reached ** piety under Trog
  1272 | D:2      | Found a snail-covered altar of Cheibriados.
  1293 | D:2      | Reached XP level 4. HP: 16/41 MP: 3/3
  1537 | D:2      | Found a faded altar of an unknown god.
  2143 | D:3      | Reached skill level 1 in Ranged Weapons
  2226 | D:3      | Found Jooron's Jewellery Emporium.
  2499 | D:4      | Reached skill level 5 in Fighting
  2527 | D:4      | Reached skill level 5 in Axes
  2527 | D:4      | Reached XP level 5. HP: 24/48 MP: 4/4
  2906 | D:4      | Upgraded the game from 0.29-a0-830-gcb1280458a to
                  | 0.29-a0-834-g1e95ca9f62
  2932 | D:4      | Reached skill level 6 in Fighting
  2936 | D:4      | Reached XP level 6. HP: 52/57 MP: 5/5
  3236 | D:4      | Found a staircase to the Ecumenical Temple.
  3237 | D:4      | Reached *** piety under Trog
  3364 | Temple   | Entered the Ecumenical Temple
  3617 | Temple   | Upgraded the game from 0.29-a0-834-g1e95ca9f62 to
                  | 0.29-a0-838-g385bb11a5b
  3795 | D:5      | Entered Level 5 of the Dungeon
  3811 | D:5      | Found Foesaps's Weapon Emporium.
  3827 | D:5      | Reached skill level 7 in Fighting
  3831 | D:5      | Upgraded the game from 0.29-a0-838-g385bb11a5b to
                  | 0.29-a0-841-g116ddc6ace
  3890 | D:5      | Reached XP level 7. HP: 59/66 MP: 6/6
  3920 | D:5      | Identified the +2 ring mail "Wepunugu" {MP+9 Slay+4}
  3928 | D:5      | Reached skill level 8 in Fighting
  4045 | D:5      | Reached skill level 9 in Fighting
  4104 | D:5      | Reached skill level 5 in Armour
  4107 | D:5      | Found a glowing drain.
  4188 | Sewer    | Entered a sewer
  4316 | Sewer    | Reached XP level 8. HP: 77/78 MP: 7/7
  4624 | Sewer    | Reached skill level 10 in Fighting
  5367 | D:5      | Gained mutation: You possess an exceptional clarity of
                  | mind. [potion of mutation]
  5389 | D:6      | Reached **** piety under Trog
  5611 | D:6      | Found a glowing golden altar of the Shining One.
  5625 | D:6      | Found a sparkling altar of Nemelex Xobeh.
  5698 | D:6      | Found a white marble altar of Elyvilon.
  5713 | D:6      | Reached skill level 11 in Fighting
  5840 | D:6      | Noticed a deep elf zephyrmancer
  5845 | D:6      | Killed a deep elf zephyrmancer
  5846 | D:6      | Reached skill level 12 in Fighting
  5846 | D:6      | Reached XP level 9. HP: 37/90 MP: 8/8
  6044 | D:6      | Noticed Blork the orc
  6055 | D:6      | Killed Blork the orc
  6210 | D:7      | Reached skill level 5 in Ranged Weapons
  6866 | D:7      | Reached skill level 13 in Fighting
  7302 | D:8      | Reached skill level 10 in Axes
  7515 | D:8      | Noticed Grum
  7524 | D:8      | Killed Grum
  7525 | D:8      | Reached XP level 10. HP: 91/102 MP: 9/9
  7791 | D:8      | Found a staircase to the Lair.
  8080 | Lair:1   | Entered Level 1 of the Lair of Beasts
  8204 | Lair:1   | Reached skill level 14 in Fighting
  8218 | Lair:1   | Noticed a four-headed hydra
  8226 | Lair:1   | Killed a four-headed hydra
  8693 | Lair:1   | Identified the +5 ring mail "Soolaom" {rPois Will+ Str+3}
  8798 | Lair:1   | Noticed a cane toad
  8806 | Lair:1   | Killed a cane toad
  9145 | Lair:2   | Noticed a cane toad
  9151 | Lair:2   | Killed a cane toad
  9152 | Lair:2   | Reached skill level 15 in Fighting
  9157 | Lair:2   | Noticed a black mamba
  9158 | Lair:2   | Noticed a cane toad
  9289 | Lair:1   | Killed a cane toad
  9290 | Lair:1   | Reached XP level 11. HP: 77/112 MP: 10/10
 10166 | Lair:3   | Noticed Amaemon
 10177 | Lair:3   | Killed Amaemon
 10436 | Lair:3   | Identified the ring "Zemajaps" {Fly rC+ Int+4 Dex-4 Stlth+}
 10618 | Lair:3   | You fall into a shaft and drop 1 floor!
 10665 | Lair:3   | Reached skill level 10 in Armour
 10770 | Lair:3   | Noticed a catoblepas
 10806 | Lair:3   | Killed a catoblepas
 10807 | Lair:3   | Reached skill level 16 in Fighting
 10990 | Lair:3   | Found a staircase to the Snake Pit.
 11099 | Lair:3   | Reached XP level 12. HP: 122/122 MP: 11/11
 11406 | Snake:1  | Entered Level 1 of the Snake Pit
 11433 | Snake:1  | Noticed an anaconda
 11437 | Snake:1  | Killed an anaconda
 11728 | Snake:1  | Found Qethaez's Jewellery Emporium.
 11858 | Snake:1  | Reached ***** piety under Trog
 11887 | Snake:1  | Noticed a naga warrior
 11893 | Snake:1  | Reached skill level 15 in Axes
 11939 | Snake:1  | Killed a naga warrior
 11955 | Snake:1  | HP: 5/123 [poisoned by a naga mage (splash of poison)]
 11962 | Snake:1  | HP: 2/123 [salamander/+0 spear (3)]
 11962 | Snake:1  | Mangled by a salamander

Illustrated notes

Levels and vault maps discovered:
D:1:      minmay_arrival_shattered_statue, layout_basic
D:2:      layout_basic, ebering_ecumenical_altar_box, basic_altar,
          minmay_strange_pillars, kennysheep_path_1,
          hangedman_decor_clover_reticule
D:3:      layout_loops_ring, serial_shops, nicolae_shop_hallway_stairs
D:4:      layout_basic, temple_pool_b
D:5:      layout_cave_pools, serial_shops, nicolae_shop_stone,
          portal_sewer_entry_b, grunt_decor_cap, grunt_ministairs_12
D:6:      layout_rooms, elyvilon_altar_5, nicolae_tso_besieged_by_evil,
          mainiacjoe_overflow_boulevard, palyth_stone_intersect,
          guppyfry_early_elven_hall, uniq_blork_the_orc
D:7:      layout_cave_pools
D:8:      layout_loops_cross, lair_entry_dummy, chequers_serial_rivers_micro_e,
          st_stairs_1, minmay_hedge_maze, kennysheep_decorative_pillar,
          uniq_grum
Temple:   eino_narrow_crystal_temple
Lair:1:   beast_lair_carwin_large_2, layout_cave_pods, serial_bayou_pond_c,
          grunt_megastairs_5, serial_bayou_shore_b
Lair:2:   layout_long_grid
Lair:3:   layout_layer_cave, minmay_snake_entry_spellcaster,
          cheibrodos_lair_reptile_den, serial_bayou_shore_b,
          infiniplex_staircase_pool, uniq_amaemon
Lair:4:   layout_roguey, minmay_swamp_entry_worms,
          nicolae_quartered_pool_medium, hangedman_lair_generics_rect,
          grunt_megastairs_1
Snake:1:  layout_misc_corridors, serial_shops, nicolae_shop_hallway_stairs,
          nicolae_triple_integral

Skill      XL: |  1  2  3  4  5  6  7  8  9 10 11 12 |
---------------+-------------------------------------+-----
Fighting       | 4 5 6 7 9 12 13 15 16 | 16.3
Axes           | 4 5 6 7 9 10 12 14 15 | 15.1
Armour         | 3 4 5 6 7 9 10 | 10.9
Ranged Weapons | 1 2 3 4 6 7 9 |  9.5
Dodging        | |  2.6

Action                   |  1- 3 |  4- 6 |  7- 9 | 10-12 || total
-------------------------+-------+-------+-------+-------++-------
Melee: Hand axe          |    98 |   109 |       |       ||   207
       Headbutt          |    11 |    17 |    42 |    80 ||   150
       Punch             |     1 |       |       |       ||     1
       War axe           |       |     9 |   162 |   297 ||   468
       Flail             |       |       |     4 |       ||     4
 Fire: Sling             |       |    15 |    45 |    14 ||    74
Throw: Stone             |     8 |       |       |       ||     8
       Dart              |       |       |     1 |       ||     1
Invok: Berserk           |     2 |     2 |     4 |     4 ||    12
       Trog's Hand       |     1 |     1 |     2 |     1 ||     5
       Brothers in Arms  |       |       |     1 |     2 ||     3
Evoke: Wand              |       |       |     1 |    17 ||    18
  Use: Potion            |     1 |     6 |     7 |     1 ||    15
       Scroll            |       |     4 |     9 |     4 ||    17
Armor: Animal skin       |     4 |       |       |       ||     4
       Ring mail         |    17 |    20 |    27 |    89 ||   153
       Chain mail        |       |    35 |    13 |       ||    48
Dodge: Dodged            |    57 |    52 |    67 |   104 ||   280

Table legend: (Time is in decaauts)
 A = Elapsed time spent in this place.
 B = Non-inter-level travel time spent in this place.
 C = Inter-level travel time spent in this place.
 D = Time resting spent in this place.
 E = Time spent auto-exploring this place.
 F = Levels seen in this place.
 G = Mean time per level.
                   A        B        C        D        E       F      G
               +--------+--------+--------+--------+--------+-----+--------+
         Total |  12244 |  12183 |     61 |   3256 |     47 |  15 |  816.3 |
       Dungeon |   7004 |   7001 |      3 |   1748 |     47 |   8 |  875.5 |
        Temple |    278 |    278 |      0 |      0 |      0 |   1 |  278.0 |
          Lair |   3340 |   3282 |     58 |   1007 |      0 |   4 |  835.0 |
     Snake Pit |    555 |    555 |      0 |    292 |      0 |   1 |  555.0 |
         Sewer |   1065 |   1065 |      0 |    208 |      0 |   1 | 1065.0 |
               +--------+--------+--------+--------+--------+-----+--------+

Top non-repeatable levels by time:
  Lair:1: 1316 daAuts
  Lair:3: 1228 daAuts
     D:4: 1135 daAuts
     D:8: 1081 daAuts
   Sewer: 1065 daAuts
     D:1: 902 daAuts
     D:6: 838 daAuts
     D:7: 807 daAuts
     D:2: 793 daAuts
  Lair:2: 776 daAuts
     D:3: 751 daAuts
     D:5: 694 daAuts
 Snake:1: 555 daAuts
  Temple: 278 daAuts
  Lair:4: 19 daAuts
